 Dungeon Crawl Stone Soup version 0.17-a0-870-gcb215c1 (webtiles) character file.

187 sugabear the Shield-Bearer (level 5, -1/33 HPs)
             Began as a Gargoyle Fighter on Apr 29, 2015.
             Killed by divine providence
             ... invoked by an orc priest
              (12 damage)
             ... on level 4 of the Dungeon.
             The game lasted 00:03:29 (2377 turns).

sugabear the Shield-Bearer (Gargoyle Fighter)       Turns: 2377, Time: 00:03:29

Health: -1/33      AC: 11    Str: 21    XL:     5   Next: 66%
Magic:  5/5        EV:  3    Int:  8    God:
Gold:   179        SH:  9    Dex:  9    Spells: 0 memorised, 4 levels left

rFire  . . .     SeeInvis .     a - +0 war axe
rCold  . . .     Clarity  .     b - +0 scale mail
rNeg   + . .     SustAb   .     c - +0 shield
rPois  ∞         Gourm    .     (no helmet)
rElec  +         Spirit   .     (no cloak)
rCorr  .         Warding  .     (no gloves)
rMut   .         Stasis   .     (no boots)
MR     .....                    (no amulet)
Stlth  ..........               (no ring)
                                (no ring)

@: not resistant to hostile enchantments, extremely unstealthy
A: negative energy resistance 1, electricity resistance, unbreathing,
petrification resistance, rot immunity, AC +4
a: no special abilities


You were on level 4 of the Dungeon.
You were not hungry.

You visited 1 branch of the dungeon, and saw 4 of its levels.

You collected 179 gold pieces.

Inventory:

Hand weapons
 a - a +0 war axe (weapon)
Armour
 b - a +0 scale mail (worn)
 c - a +0 shield (worn)
Jewellery
 f - a +3 ring of strength {unknown}
Scrolls
 h - a scroll of amnesia {unknown}
 i - 2 scrolls of teleportation {unknown}
 j - 4 scrolls of identify {unknown}
 n - a scroll of enchant weapon {unknown}
 o - a scroll of immolation {unknown}
 p - a scroll of remove curse {unknown}
 u - a scroll of random uselessness {unknown}
 v - a scroll of magic mapping {unknown}
Potions
 d - a potion of might
 g - a potion of lignification {unknown}
 k - a potion of ambrosia {unknown}
 l - a potion of heal wounds {unknown}
 m - 2 potions of agility {unknown}
 q - 2 potions of poison {unknown}
 r - a potion of brilliance {unknown}
 t - a potion of degeneration {unknown}
Comestibles
 e - 3 bread rations
 s - a meat ration
 w - a chunk of flesh


   Skills:
 + Level 4.0 Fighting
 + Level 2.7 Axes
 + Level 4.2 Armour
 + Level 1.2 Dodging
 + Level 4.7 Shields


You had 4 spell levels left.
You didn't know any spells.

Dungeon Overview and Level Annotations

Branches:
Dungeon (4/15)
 Temple: D:4-7

Altars:
Cheibriados
Elyvilon
Qazlal
Vehumet


Innate Abilities, Weirdness & Mutations

You are resistant to torment.
Your stone body is resilient (AC +4).
You are immune to poison.
You resist negative energy.
You are resistant to electric shocks.
You can survive without breathing.
You are immune to petrification.
You are immune to rotting.


Message History

You slash the orc!
You kill the orc!
You hit the orc.
The orc is heavily wounded.
Your shield and scale mail prevent you from hitting the worker ant.
The worker ant bites you but does no damage.
The orc hits you with a flail. The worker ant bites you.
You closely miss the orc.
The orc is heavily wounded.
You hit the worker ant.
The worker ant is lightly wounded.
You barely miss the orc priest. You block the orc priest's attack.
The orc hits you with a flail. The worker ant barely misses you.
An orc priest comes into view. It is wielding a flail.
Unknown command.
The orc priest calls down the wrath of Beogh upon you.
Pain shoots through your body! You block the worker ant's attack.
The orc priest invokes the aid of Beogh against you.
Something smites you!
You die...

. .# .# .##
.. .#
#.#####.#
###.......##
#......a@oo#
..$..####o.#
. ....o
.......
..##... ..#
# .## ##


You could see a worker ant, 3 orc priests and an orc.

Vanquished Creatures
  Crazy Yiuf (D:3)
  6 adders
  An ooze (D:3)
  5 worms
  The ghost of Xoid the Conjurer, a weakling DrCj (D:3)
  A giant gecko (D:3)
  10 orcs
  A ball python (D:1)
  10 bats
  5 giant cockroaches
  7 goblins
  6 hobgoblins
  2 jackals (D:1)
  9 kobolds
  5 giant newts
  12 rats
82 creatures vanquished.

Notes
Turn   | Place    | Note
--------------------------------------------------------------
     0 | D:1      | sugabear, the Gargoyle Fighter, began the quest for the Orb.
     0 | D:1      | Reached XP level 1. HP: 14/14 MP: 1/1
   179 | D:1      | Reached XP level 2. HP: 16/19 MP: 2/2
   776 | D:2      | Found a snail-covered altar of Cheibriados.
   786 | D:2      | Reached XP level 3. HP: 18/23 MP: 3/3
  1047 | D:2      | Reached skill level 4 in Shields
  1047 | D:2      | Reached XP level 4. HP: 29/29 MP: 4/4
  1209 | D:2      | Found a stormy altar of Qazlal.
  1606 | D:3      | Found a white marble altar of Elyvilon.
  1615 | D:3      | Found a radiant altar of Vehumet.
  1716 | D:3      | Reached XP level 5. HP: 25/33 MP: 5/5
  1933 | D:3      | Noticed Xoid's ghost (weakling DrCj)
  1947 | D:3      | Killed Xoid's ghost
  2079 | D:3      | Noticed Crazy Yiuf
  2090 | D:3      | Killed Crazy Yiuf
  2090 | D:3      | Reached skill level 1 in Dodging
  2377 | D:4      | Killed from afar by an orc priest

Action                   |  1- 3 |  4- 6 || total
-------------------------+-------+-------++-------
Melee: War axe           |   106 |   180 ||   286
  Eat: Chunk             |     1 |     5 ||     6
